 Dungeon Crawl Stone Soup version 0.29.0-7-g18a832c13a (webtiles) character file.

Game seed: 8429946313409127380

2645 voltaire321 the Ducker (level 9, -2/69 HPs)
             Began as a Merfolk Artificer on Aug 30, 2022.
             Was an Initiate of Yredelemnul.
             Killed from afar by a steam dragon (9 damage)
             ... with a ball of steam
             ... on level 6 of the Dungeon.
             The game lasted 00:27:57 (11292 turns).

voltaire321 the Ducker (Merfolk Artificer)         Turns: 11292, Time: 00:27:58

Health: -2/69      AC: 12    Str: 14    XL:     9   Next: 62%
Magic:  0/11       EV: 14    Int: 10    God:    Yredelemnul [......]
Gold:   244        SH:  6    Dex: 17    Spells: 8/8 levels left

rFire   . . .      SeeInvis .   l - +2 dagger (protect)
rCold   . . .      Faith    .   k - +0 buckler
rNeg    . . .      Spirit   +   r - +0 ring mail
rPois   +          Reflect  .   (no helmet)
rElec   .          Harm     .   (no cloak)
rCorr   .          Rampage  .   (no gloves)
Will    .....                   (no boots)
Stlth   +.........              i - amulet of guardian spirit
HPRegen 0.21/turn               h - ring of poison resistance
MPRegen 0.12/turn               (no ring)

@: under a protective aura
A: (nimble swimmer 2), mertail
a: Renounce Religion, Recall Undead Harvest


You were on level 6 of the Dungeon.
You worshipped Yredelemnul.
Yredelemnul was noncommittal.
You visited 2 branches of the dungeon, and saw 7 of its levels.
You also visited: Sewer.

You collected 244 gold pieces.

Inventory:

Hand Weapons
 c - a +0 rapier
 l - a +2 dagger of protection (weapon)
 q - a +0 dagger of venom
 s - a +0 trident
Missiles
 p - 19 poisoned darts (quivered)
 v - a curare-tipped dart
Armour
 b - a +0 leather armour
 k - a +0 buckler (worn)
 r - a +0 ring mail (worn)
Jewellery
 h - a ring of poison resistance (left hand)
 i - an amulet of guardian spirit (around neck)
 y - a ring of magical power
Wands
 d - a wand of charming (10)
Scrolls
 g - a scroll of butterflies {unknown}
 w - a scroll of acquirement {unknown}
 x - 2 scrolls of fear {unknown}
 A - 2 scrolls of identify
 C - 2 scrolls of vulnerability {unknown}
 D - a scroll of magic mapping {unknown}
 E - a scroll of poison {unknown}
 F - 2 scrolls of teleportation {unknown}
 G - a scroll of enchant weapon {unknown}
 H - a scroll of torment {unknown}
Potions
 a - 2 potions of mutation {unknown}
 f - a potion of attraction {unknown}
 j - a potion of lignification {unknown}
 m - 3 potions of ambrosia
 n - a potion of flight
 o - 3 potions of haste
 t - 4 potions of curing {unknown}
 z - 3 potions of brilliance {unknown}
 B - 4 potions of heal wounds


   Skills:
 + Level 6.1 Fighting
 + Level 4.2 Armour
 + Level 7.7 Dodging
 - Level 1.1 Stealth
 - Level 5.0 Shields
 + Level 3.5 Invocations
 + Level 6.2 Evocations


You had 8 spell levels left.
You didn't know any spells.
Your spell library contained the following spells:

 Spells                   Type           Power      Damage    Failure   Level
 Sandblast                Erth           0%         2d4       67%         1
 Corpse Rot               Necr/Pois/Air  0%         N/A       100%        4
 Dispel Undead            Necr           0%         3d6       100%        4
 Lee's Rapid Deconstruct  Erth           0%         3d5*      100%        5
 Silence                  Hex/Air        0%         N/A       100%        5
 Chain Lightning          Conj/Air       0%         N/A       100%        9
 Death Channel            Necr           Unusable   N/A       N/A         6

Dungeon Overview and Level Annotations

Branches:
Dungeon (6/15)             Temple (1/1) D:4           Sewer (visited)

Altars:
Ashenzari
Cheibriados
Dithmenos
Elyvilon
Fedhas
Gozag
Hepliaklqana
Kikubaaqudgha
Makhleb
Nemelex Xobeh
Okawaru
Ru
Sif Muna
Trog
Uskayaw
Wu Jian
Xom
Yredelemnul
Zin
The Shining One

Annotations:
D:4 3 runed translucent doors, apoch's ghost, novice MiFi


Innate Abilities, Weirdness & Mutations

((You are very nimble when in or above water. (Stealth+, EV+, Speed+++)))
Your lower body shifts to a powerful aquatic tail in water.


Message History

You hit the steam dragon.
The steam dragon is heavily wounded.
The steam dragon barely misses you. You block the steam dragon's attack.
You hit the steam dragon but do no damage.
The steam dragon is heavily wounded.
The steam dragon misses you. The steam dragon closely misses you.
You hit the steam dragon but do no damage.
The steam dragon is heavily wounded.
The steam dragon bites you but does no damage.
The steam dragon claws you but does no damage.
You barely miss the steam dragon.
The steam dragon is heavily wounded.
The steam dragon bites you.
* * * LOW HITPOINT WARNING * * *
The steam dragon barely misses you.
You barely miss the steam dragon.
The steam dragon is heavily wounded.
You block the steam dragon's attack. The steam dragon completely misses you.
You barely miss the steam dragon.
The steam dragon is heavily wounded.
The steam dragon breathes steam at you. The ball of steam hits you!
* * * LOW HITPOINT WARNING * * *
You hit the steam dragon but do no damage.
The steam dragon is heavily wounded.
You are engulfed in a cloud of scalding steam.
* * * LOW HITPOINT WARNING * * *
The steam dragon breathes steam at you. The ball of steam misses you.
You hit the steam dragon but do no damage.
The steam dragon is moderately wounded.
The steam dragon barely misses you. You block the steam dragon's attack.
You hit the steam dragon but do no damage.
The steam dragon is moderately wounded.
You are engulfed in a cloud of scalding steam.
* * * LOW HITPOINT WARNING * * *
The steam dragon breathes steam at you. The ball of steam hits you!
You die...
Your body rises from the dead as a mindless zombie.

####### ###...... ##
##........ ####.##
##..>...... #...#.##
#.......... #.§§@D.##
##.........
#..§.#..## #......)..
##..§##..####........
###.###..###....####
### ##...###### ##
##......####. #####
#...........
####...###
#..##....###
###........##
#......###


You could see a steam dragon (catching breath).

Vanquished Creatures
  Grinder (D:4)
  Sigmund (D:4)
  Eustachio (D:4)
  An ice beast (D:6)
  An orc warrior (D:6)
  An ogre (D:5)
  A centaur (D:5)
  6 kobold brigands (Sewer)
  2 necrophages
  A bullfrog (D:4)
  A scorpion (D:5)
  A vampire bat (D:4)
  4 orc priests
  2 iguanas
  An orc wizard (D:6)
  Terence (D:2)
  Natasha (thrice) (D:2)
  2 gnolls (D:3)
  10 adders
  A white imp (D:6)
  An ufetubus (D:6)
  5 worms
  A dart slug (D:1)
  3 fire bats (D:4)
  14 orcs
  2 spectral bats (D:4)
  10 ball pythons
  13 bats
  3 bat skeletons (D:4)
  A bat zombie (D:4)
  13 endoplasms
  10 giant cockroaches
  14 goblins
  10 hobgoblins
  16 jackals
  7 quokkas
  A bat simulacrum (D:4)
  5 frilled lizards
  11 kobolds
  9 rats
191 creatures vanquished.

Vanquished Creatures (collateral kills)
  2 scorpions (D:5)
  A howler monkey (D:6)
  A hound (D:6)
  2 jellies
  5 iguanas
  A gnoll (D:3)
  2 adders
  A shadow imp (D:6)
  An orc zombie (D:6)
  A worm (D:5)
  A dart slug (D:2)
  3 orcs (D:6)
  2 hobgoblins (D:2)
  2 goblins (D:2)
25 creatures vanquished.

Vanquished Creatures (others)
  A gnoll bouda (D:3)
  An ice beast zombie (D:6)
  Robin (D:2)
  3 adder zombies
  3 iguana zombies
  A spectral white imp (D:6)
  A goblin (D:2)
  2 hobgoblin zombies (D:4)
  3 orc zombies (D:6)
  A spectral ufetubus (D:6)
  2 fungi (D:4)
  15 plants
34 creatures vanquished.

Grand Total: 250 creatures vanquished

Notes
Turn   | Place    | Note
-------+----------+-------------------------------------------
     0 | D:1      | voltaire321 the Merfolk Artificer began the quest for the
                  | Orb.
     0 | D:1      | Reached XP level 1. HP: 15/15 MP: 1/1
   318 | D:1      | Reached XP level 2. HP: 20/21 MP: 2/2
   321 | D:1      | Reached skill level 3 in Dodging
   337 | D:1      | Reached skill level 1 in Armour
   963 | D:1      | Reached XP level 3. HP: 20/27 MP: 3/3
  1417 | D:1      | Found a faded altar of an unknown god.
  2420 | D:2      | Reached XP level 4. HP: 20/33 MP: 1/4
  2422 | D:2      | Noticed Robin
  2491 | D:2      | Your ally Robin died
  2817 | D:2      | Noticed Natasha
  2825 | D:2      | Killed Natasha
  2826 | D:2      | Reached skill level 1 in Shields
  2905 | D:2      | Noticed Natasha
  2918 | D:2      | Killed Natasha
  2919 | D:2      | Reached skill level 4 in Dodging
  2919 | D:2      | Reached XP level 5. HP: 27/39 MP: 2/5
  2935 | D:2      | Noticed Natasha
  2965 | D:2      | Killed Natasha
  3591 | D:2      | Noticed Terence
  3609 | D:2      | Killed Terence
  4481 | D:3      | Reached XP level 6. HP: 32/47 MP: 4/6
  4492 | D:3      | Found a sacrificial altar of Ru.
  4497 | D:3      | Found a basalt altar of Yredelemnul.
  4509 | D:3      | Found a hazy altar of Hepliaklqana.
  4787 | D:3      | Found a glowing drain.
  4791 | Sewer    | Entered a sewer
  5394 | Sewer    | Reached skill level 5 in Dodging
  5394 | Sewer    | Reached XP level 7. HP: 46/53 MP: 5/7
  7178 | D:4      | Found a runed translucent gate.
  7178 | D:4      | Noticed apoch's ghost (novice MiFi)
  7185 | D:4      | Found a runed translucent gate.
  7185 | D:4      | Found a runed translucent gate.
  7229 | D:4      | Reached XP level 8. HP: 60/61 MP: 8/8
  7232 | D:4      | Reached skill level 5 in Evocations
  7351 | D:4      | Reached skill level 6 in Dodging
  7577 | D:4      | Found an iron altar of Okawaru.
  7687 | D:4      | Found a staircase to the Ecumenical Temple.
  7702 | Temple   | Entered the Ecumenical Temple
  7980 | D:3      | Became a worshipper of Yredelemnul the Dark
  8054 | D:4      | Noticed Grinder
  8054 | D:4      | Noticed Eustachio
  8076 | D:4      | Killed Grinder
  8077 | D:4      | Reached skill level 1 in Invocations
  8135 | D:4      | Killed Eustachio
  8136 | D:4      | Reached skill level 5 in Fighting
  8312 | D:4      | Noticed Sigmund
  8324 | D:4      | Killed Sigmund
  8635 | D:5      | Entered Level 5 of the Dungeon
  8640 | D:5      | Got Roip's Secrets of the Geological Birds
  9040 | D:5      | Reached skill level 7 in Dodging
  9040 | D:5      | Reached XP level 9. HP: 67/68 MP: 10/10
  9234 | D:5      | Reached * piety under Yredelemnul
  9363 | D:5      | Reached ** piety under Yredelemnul
  9625 | D:5      | Reached *** piety under Yredelemnul
 11026 | D:6      | Reached skill level 5 in Shields
 11292 | D:6      | Killed from afar by a steam dragon

Illustrated notes

Levels and vault maps discovered:
D:1:      saegor_arrival_simple_d, layout_loops_cross,
          ebering_ecumenical_altar_mist, st_stairs_8, chequers_big_river,
          minmay_worlds_worst_comb
D:2:      layout_rooms, st_stairs_7, hex_intersection, uniq_terence, uniq_robin,
          uniq_natasha
D:3:      layout_loops_corners, minmay_overflow_temple_star_quad,
          gup_sewer_entry_spiral
D:4:      layout_rooms, okawaru_metal_pillars_1_2, temple_hall,
          gammafunk_ghost_nasty_kobolds, goddamned_bats, uniq_grinder,
          uniq_sigmund, uniq_eustachio
D:5:      layout_loops_corners
D:6:      layout_cave_pods, lemuel_old_faithful
Temple:   eino_temple_scatter_basement

Skill      XL: |  1  2  3  4  5  6  7  8  9 |
---------------+----------------------------+-----
Dodging        | 3 4 5 7 |  7.7
Armour         | 1 2 3 4 |  4.2
Fighting       | 2 3 4 5 6 |  6.1
Shields        | 1 2 3 4 5 |  5.0
Evocations     | 4 5 6 |  6.2
Invocations    | 2 3 |  3.5
Stealth        | |  1.1

Action                   |  1- 3 |  4- 6 |  7- 9 || total
-------------------------+-------+-------+-------++-------
Melee: Club              |    32 |       |       ||    32
       Short sword       |   230 |    25 |       ||   255
       Dagger            |       |   281 |   631 ||   912
       Tailslap          |       |    13 |    12 ||    25
Throw: Dart              |       |     8 |    57 ||    65
Evoke: Wand              |    11 |    11 |    16 ||    38
  Use: Scroll            |       |     2 |     4 ||     6
 Stab: Sleeping          |     2 |     3 |       ||     5
       Invisible         |       |       |     1 ||     1
       Distracted        |       |       |     3 ||     3
Armor: Leather armour    |    92 |    49 |       ||   141
       Ring mail         |       |    37 |   261 ||   298
Dodge: Dodged            |   222 |   146 |   387 ||   755
Block: Buckler           |    17 |    43 |   167 ||   227
